 Dungeon Crawl Stone Soup version 0.31-a0-596-g831eee08f1 (webtiles) character file.

Game seed: 5313998773347990695

7635 dialectric the Basher (level 10, 0/105 (120) HPs)
             Began as a Demonspawn Fighter on Aug 21, 2023.
             Was a Believer of Trog.
             Slain by a spectral orc knight
             ... wielding a +0 great sword
             ... summoned by Nergalle
              (11 damage)
             ... on level 10 of the Dungeon.
             The game lasted 00:24:12 (11678 turns).

dialectric the Basher (Demonspawn Fighter)         Turns: 11678, Time: 00:24:13

HP:   0/105 (120)   AC: 19    Str: 20    XL:     10   Next: 98%
MP:   10/10         EV: 11    Int: 10    God:    Trog [**....]
Gold: 592           SH:  4    Dex: 13    Spells: 9/9 levels left

rFire   . . .        a - +0 flail
rCold   . . .        (no shield)
rNeg    . . .        b - +1 scale mail
rPois   +            (helmet restricted)
rElec   .            A - +0 cloak {rCorr}
rCorr   +            f - +1 pair of gloves
SInv    .            (no boots)
Will    .....        q - amulet of the acrobat Stlth
                     D - ring of poison resistance
HPRegen 0.37/turn    (no ring)
MPRegen 0.12/turn

%: acrobat
@: berserking (expiring), studying 2 skills, heavily drained, very quick
A: horns 1, icy blue scales 2, icemail 1, condensation shield
a: Renounce Religion, Berserk, Trog's Hand


You were on level 10 of the Dungeon.
You worshipped Trog.
Trog was pleased with you.
You visited 3 branches of the dungeon, and saw 12 of its levels.
You also visited: Bailey.

You collected 592 gold pieces.

Inventory:

Hand Weapons
 a - a +0 flail (weapon)
 C - the +8 dagger "Fovou" {spect, rC+ rN+}
   (You found it on level 7 of the Dungeon)

   rC+:       It protects you from cold.
   rN+:       It protects you from negative energy.
 F - a +2 mace of protection
 L - a +8 broad axe
Missiles
 s - 2 throwing nets
Armour
 b - a +1 scale mail (worn)
 c - a +0 buckler
 f - a +1 pair of gloves (worn)
 j - a +0 kite shield
 v - a +0 crystal plate armour
 A - a +0 cloak of preservation (worn)
Jewellery
 p - an amulet of the acrobat
 q - an amulet of the acrobat (around neck)
 y - an amulet of regeneration
 D - a ring of poison resistance (left hand)
Talismans
 u - a flux talisman
Wands
 k - a wand of roots (13)
 I - a wand of paralysis (6)
 J - a wand of polymorph (5)
Scrolls
 h - 5 scrolls of identify
 n - 2 scrolls of vulnerability {unknown}
 r - 3 scrolls of teleportation
 t - a scroll of acquirement
 x - a scroll of enchant weapon {unknown}
 z - a scroll of immolation
 E - a scroll of fear
 H - a scroll of fog {unknown}
 K - a scroll of poison {unknown}
Potions
 d - a potion of magic
 e - a potion of invisibility
 g - 2 potions of haste {unknown}
 i - 2 potions of heal wounds
 l - a potion of resistance {unknown}
 m - 3 potions of brilliance
 o - 3 potions of curing
 w - a potion of degeneration {unknown}
 B - 2 potions of ambrosia {unknown}
 G - a potion of experience


   Skills:
 * Level 7.8 Fighting
 + Level 11.0 Maces & Flails
 + Level 8.1 Armour
 - Level 4.1 Dodging
 - Level 0.2 Stealth
 - Level 2.6 Shields
 + Level 2.0 Evocations


You had 9 spell levels left.
You didn't know any spells.
Your spell library contained the following spells:

 Spells                   Type           Power      Damage    Failure   Level
 Necrotise                Necr           0%         1d4       67%         1
 Wereblood                Tmut           0%         N/A       80%         2
 Vampiric Draining        Necr           0%         2d6       95%         3
 Animate Dead             Necr           0%         N/A       100%        4
 Agony                    Necr           0%         N/A       100%        5
 Alistair's Intoxication  Tmut/Pois      0%         N/A       100%        5
 Borgnjor's Vile Clutch   Necr/Erth      0%         N/A       100%        5
 Irradiate                Conj/Tmut      0%         3d11      100%        5
 Summon Forest            Summ/Tloc      0%         N/A       100%        5
 Summon Mana Viper        Hex/Summ       0%         N/A       100%        5
 Death Channel            Necr           0%         N/A       100%        6
 Eringya's Noxious Bog    Tmut/Pois      0%         4d6       100%        6
 Summon Cactus Giant      Summ           0%         N/A       100%        6


Dungeon Overview and Level Annotations

Branches:
Dungeon (10/15)            Temple (1/1) D:6            Lair (1/5) D:8
 Bailey (visited)
    Orc: D:9-12

Altars:
Ashenzari
Cheibriados
Dithmenos
Fedhas
Gozag
Hepliaklqana
Kikubaaqudgha
Makhleb
Nemelex Xobeh
Okawaru
Qazlal
Ru
Sif Muna
Trog
Uskayaw
Vehumet
Wu Jian
Xom
Yredelemnul

Annotations:
D:5 2 runed translucent doors, redkitty's ghost, amateur DrIE
D:7 3 runed translucent doors, Tollund's ghost, novice DjFE
D:10 Nergalle


Innate Abilities, Weirdness & Mutations

You have a pair of small horns on your head.
You are mostly covered in icy blue scales. (AC +3)
A meltable icy envelope protects you from harm. (AC +4)
A meltable shield of frost defends you. (SH +4)


Message History

You block the spectral orc knight's attack.
The spectral orc closely misses you. You block the spectral orc's attack.
The spectral orc knight hits you but does no damage.
You hit Nergalle.
Nergalle is almost dead.
The spectral orc knight closely misses you.
Nergalle casts a spell at you.
Orcish apparitions take form around you.
Unknown command.
You closely miss Nergalle.
Nergalle is almost dead.
You block the spectral orc knight's attack.
The spectral orc knight misses you.
The spectral orc hits you but does no damage.
The spectral orc closely misses you.
The spectral orc knight hits you but does no damage.
The spectral orc knight hits you with a +0 great mace.
You feel drained.
You barely miss Nergalle.
Nergalle is almost dead.
Nergalle hits you but does no damage.
You are electrocuted!
The spectral orc knight barely misses you.
You thump Nergalle!
Nergalle is almost dead.
The spectral orc knight hits you with a +0 great sword!
* * * LOW HITPOINT WARNING * * *
The spectral orc knight closely misses you.
The spectral orc misses you.
The spectral orc hits you but does no damage.
The spectral orc knight hits you with a +0 great mace!
* * * LOW HITPOINT WARNING * * *
You feel drained.
* * * LOW HITPOINT WARNING * * *
The spectral orc knight hits you with a +0 battleaxe.
* * * LOW HITPOINT WARNING * * *
You hit Nergalle but do no damage.
Nergalle is almost dead.
Nergalle misses you. The spectral orc knight misses you.
The spectral orc knight hits you with a +0 great sword!
You die...

.... ... # ... . ..
# #. .# #..#.###.##
#....'ZoZ.# #Z@ZZ#
##ZZ## +# ##ZZ##..##
+.........
#......... ..
##.####.### .#
#..####.####+###'###
#.............#.....
#..≈≈~≈≈......#.....


You could see Nergalle, 3 spectral orcs and 6 spectral orc knights.

Vanquished Creatures
  An orc warlord (Bailey)
  Joseph (D:8)
  Jeremiah (D:8)
  A troll (D:10)
  A hornet (D:10)
  Grinder (D:2)
  A jumping spider (Bailey)
  Sigmund (D:2)
  Eustachio (D:5)
  6 yaks
  A water moccasin (D:7)
  An ice beast (D:7)
  11 orc warriors
  3 centaurs
  3 kobold brigands
  5 bullfrogs
  3 gnoll sergeants
  5 scorpions
  11 killer bees
  3 howler monkeys (D:9)
  3 jellies
  A hound (D:6)
  3 orc priests
  A gnoll bouda (D:4)
  Crazy Yiuf (D:4)
  3 iguanas
  Ijyb (D:4)
  13 orc wizards
  A sleepcap (D:6)
  26 gnolls
  10 adders
  3 shadow imps (D:7)
  A white imp (D:7)
  7 ufetubi
  3 worms
  A dart slug (D:2)
  39 orcs
  4 bats
  5 endoplasms
  4 giant cockroaches
  23 goblins
  20 hobgoblins
  6 jackals (D:2)
  3 quokkas
  5 ball pythons
  5 frilled lizards
  19 kobolds
272 creatures vanquished.

Vanquished Creatures (others)
  An orc wizard (D:4)
1 creature vanquished.

Grand Total: 273 creatures vanquished

Notes
Turn   | Place    | Note
-------+----------+-------------------------------------------
     0 | D:1      | dialectric the Demonspawn Fighter began the quest for the
                  | Orb.
     0 | D:1      | Reached XP level 1. HP: 18/18 MP: 1/1
   341 | D:1      | Gained mutation: A meltable shield of frost defends you.
                  | (SH +4) [demonic ancestry]
   341 | D:1      | Reached XP level 2. HP: 24/24 MP: 2/2
   497 | D:1      | Found a faded altar of an unknown god.
   553 | D:1      | Reached skill level 2 in Maces & Flails
   943 | D:2      | Noticed Sigmund
  1102 | D:2      | Reached skill level 1 in Dodging
  1222 | D:2      | Gained mutation: You are partially covered in icy blue
                  | scales. (AC +2) [demonic ancestry]
  1222 | D:2      | Reached XP level 3. HP: 29/29 MP: 3/3
  1246 | D:2      | Killed Sigmund
  1247 | D:2      | Reached skill level 3 in Maces & Flails
  1247 | D:2      | Gained mutation: You have a pair of small horns on your
                  | head. [demonic ancestry]
  1247 | D:2      | Reached XP level 4. HP: 17/37 MP: 4/4
  1247 | D:2      | Reached XP level 5. HP: 19/42 MP: 5/5
  2063 | D:3      | Noticed Grinder
  2357 | D:2      | Reached XP level 6. HP: 28/48 MP: 6/6
  2440 | D:2      | Killed Grinder
  2441 | D:2      | Reached skill level 4 in Maces & Flails
  2492 | D:3      | You fall into a shaft and drop 3 floors!
  2625 | D:6      | Gained mutation: A meltable icy envelope protects you from
                  | harm. (AC +4) [demonic ancestry]
  2625 | D:6      | Reached XP level 7. HP: 47/54 MP: 7/7
  2754 | D:5      | Entered Level 5 of the Dungeon
  2943 | D:4      | Reached skill level 5 in Maces & Flails
  3035 | D:4      | Noticed Ijyb
  3341 | D:4      | Killed Ijyb
  3672 | D:5      | Reached XP level 8. HP: 54/61 MP: 8/8
  3718 | D:5      | Found a shadowy altar of Dithmenos.
  3766 | D:5      | Noticed Eustachio
  3809 | D:5      | Killed Eustachio
  3810 | D:5      | Reached skill level 6 in Maces & Flails
  3883 | D:5      | Found a large runed translucent door.
  3883 | D:5      | Found a large runed translucent door.
  3885 | D:5      | Noticed redkitty's ghost (amateur DrIE)
  4055 | D:5      | Found a basalt altar of Yredelemnul.
  4058 | D:5      | Found a snail-covered altar of Cheibriados.
  4061 | D:5      | Found an ornate altar of the Wu Jian Council.
  4366 | D:4      | Reached skill level 5 in Fighting
  4366 | D:4      | Reached skill level 5 in Armour
  5132 | D:4      | Found a runed translucent door.
  5133 | D:4      | Noticed Crazy Yiuf
  5137 | D:4      | Killed Crazy Yiuf
  5322 | D:6      | Found a staircase to the Ecumenical Temple.
  5812 | D:7      | Reached skill level 7 in Maces & Flails
  5834 | D:7      | Identified the +8 dagger "Fovou" {spect, rC+ rN+}
  6185 | D:7      | Reached XP level 9. HP: 68/68 MP: 9/9
  6492 | D:7      | Found a hide-covered altar of Uskayaw.
  6515 | D:7      | Reached skill level 8 in Maces & Flails
  6654 | D:7      | Found a runed translucent gate.
  6654 | D:7      | Noticed Tollund's ghost (novice DjFE)
  6655 | D:7      | Found a runed translucent gate.
  6656 | D:7      | Found a runed translucent gate.
  6834 | Temple   | Entered the Ecumenical Temple
  6843 | Temple   | Became a worshipper of Trog the Wrathful
  7142 | D:8      | Found a staircase to the Lair.
  7226 | D:8      | Noticed Jeremiah
  7343 | D:8      | Killed Jeremiah
  7541 | D:8      | Reached skill level 9 in Maces & Flails
  7642 | D:8      | Noticed Joseph
  7883 | D:8      | Found a sacrificial altar of Ru.
  8017 | D:8      | Reached skill level 1 in Evocations
  8027 | D:8      | Reached * piety under Trog
  8128 | D:8      | Killed Joseph
  8416 | D:8      | Found an iron altar of Okawaru.
  8637 | Lair:1   | Entered Level 1 of the Lair of Beasts
  8654 | D:8      | Gained mutation: You are mostly covered in icy blue scales.
                  | (AC +3) [demonic ancestry]
  8654 | D:8      | Reached XP level 10. HP: 56/76 MP: 10/10
  8797 | D:9      | Found a shimmering altar of Xom.
  8976 | D:9      | Reached skill level 10 in Maces & Flails
  9286 | D:9      | Reached ** piety under Trog
 10042 | D:10     | Entered Level 10 of the Dungeon
 10448 | D:10     | Found a flagged portal.
 10457 | Bailey   | Entered a bailey
 10992 | Bailey   | Noticed an orc knight
 10993 | Bailey   | Noticed an orc warlord
 10995 | Bailey   | an orc knight changed into a jumping spider
 11491 | Bailey   | Killed an orc warlord
 11492 | Bailey   | Reached skill level 11 in Maces & Flails
 11506 | Bailey   | Identified 2 scrolls of acquirement
 11506 | Bailey   | Acquired a manual of Unarmed Combat
 11652 | D:10     | Noticed Nergalle
 11678 | D:10     | Slain by a spectral orc knight

Illustrated notes

Levels and vault maps discovered:
D:1:      dpeg_arrival_arbitrary_a, layout_loops_cross,
          shapermc_ecumenical_altar_ellora, serial_bayou_lagoon_a,
          serial_bayou_lake_a
D:2:      layout_basic, uniq_sigmund
D:3:      layout_basic, corexii_hall_statues_t, uniq_grinder
D:4:      layout_rooms, serial_bayou, serial_bayou_pond_d, serial_bayou_pond_b,
          serial_bayou_pond_b, serial_bayou_shore_a, minmay_checkerbox,
          uniq_ijyb, uniq_crazy_yiuf_cottage
D:5:      layout_basic, grunt_temple_overflow_cloverleaf, kennysheep_mini,
          ebering_ghost_disaster_area, uniq_eustachio
D:6:      layout_basic, minmay_temple_entry_antechambers, minivault_19,
          chequers_jeans
D:7:      layout_loops_cross, lemuel_crystal_altar,
          gammafunk_ghost_nasty_kobolds, serial_demonic, serial_demonic_f,
          serial_demonic_d, serial_demonic_g, serial_demonic_d,
          serial_demonic_e, serial_demonic_f
D:8:      layout_cave_pools, grunt_temple_overflow_open,
          okawaru_altar_gauntlet_db, lair_entry_dummy, uniq_joseph,
          uniq_jeremiah
D:9:      layout_loops_corners, mainiacjoe_overflow_surrounded_room
D:10:     layout_gridville, enter_bailey_5, uniq_nergalle
Temple:   nicolae_temple_x_marks_the_god
Lair:1:   layout_roguey, gammafunk_ghost_cemetery, st_stairs_9,
          lemuel_fruit_fields

Skill      XL: |  1  2  3  4  5  6  7  8  9 10 |
---------------+-------------------------------+-----
Maces & Flails | 2 3 4 5 7 9 11 | 11.0
Armour         | 3 4 5 6 8 |  8.1
Dodging        | 1 2 3 4 |  4.1
Fighting       | 4 5 6 7 |  7.8
Evocations     | 1 2 |  2.0
Stealth        | |  0.2
Shields        | |  2.6

Action                     |  1- 3 |  4- 6 |  7- 9 | 10-12 || total
---------------------------+-------+-------+-------+-------++-------
  Melee: Flail             |    80 |    87 |   572 |   406 ||  1145
         Headbutt          |       |    17 |   105 |    86 ||   208
         Punch             |       |     1 |     6 |     4 ||    11
  Throw: Dart              |       |       |     1 |     4 ||     5
 Invoke: Berserk           |       |       |       |     8 ||     8
         Trog's Hand       |       |       |       |     3 ||     3
  Evoke: Wand              |       |       |     9 |    13 ||    22
    Use: Potion            |     1 |     1 |     1 |     6 ||     9
         Scroll            |       |       |     8 |     6 ||    14
   Stab: Paralysed         |       |       |       |    13 ||    13
 Armour: Scale mail        |    28 |    58 |   311 |   257 ||   654
         Skin              |       |       |     1 |       ||     1
  Dodge: Dodged            |    25 |    63 |   450 |   360 ||   898
  Block: Other             |     9 |    18 |    96 |    90 ||   213

Table legend: (Time is in decaauts)
 A = Elapsed time spent in this place.
 B = Non-inter-level travel time spent in this place.
 C = Inter-level travel time spent in this place.
 D = Time resting spent in this place.
 E = Time spent auto-exploring this place.
 F = Levels seen in this place.
 G = Mean time per level.
                   A        B        C        D        E       F      G
               +--------+--------+--------+--------+--------+-----+--------+
         Total |  11807 |  11154 |    653 |   1172 |   6787 |  13 |  908.2 |
       Dungeon |  10600 |   9955 |    645 |    797 |   6496 |  10 | 1060.0 |
        Temple |     16 |      9 |      7 |      0 |      0 |   1 |   16.0 |
          Lair |      7 |      7 |      0 |      0 |      0 |   1 |    7.0 |
        Bailey |   1182 |   1182 |      0 |    375 |    290 |   1 | 1182.0 |
               +--------+--------+--------+--------+--------+-----+--------+

Top non-repeatable levels by time:
     D:7: 1608 daAuts
     D:9: 1447 daAuts
     D:8: 1271 daAuts
     D:2: 1265 daAuts
     D:4: 1194 daAuts
  Bailey: 1182 daAuts
     D:5: 1068 daAuts
     D:1: 1034 daAuts
     D:6: 911 daAuts
     D:3: 534 daAuts
    D:10: 265 daAuts
  Temple: 16 daAuts
  Lair:1: 7 daAuts
